 Dungeon Crawl Stone Soup version 0.28-a0-71-g84acfa7270 (webtiles) character file.

Game seed: 16263418236242691878

12993 siradein the Thaumaturge (level 11, -2/54 HPs)
             Began as a Deep Elf Conjurer on Aug 2, 2021.
             Was an Elder of Vehumet.
             Slain by a centaur warrior (12 damage)
             ... on level 10 of the Dungeon.
             The game lasted 00:45:11 (12229 turns).

siradein the Thaumaturge (Deep Elf Conjurer)       Turns: 12229, Time: 00:45:12

Health: -2/54      AC: 10    Str:  4    XL:     11   Next: 69%
Magic:  7/31       EV: 12    Int: 27    God:    Vehumet [****..]
Gold:   497        SH:  0    Dex: 13    Spells: 9/38 levels left

rFire   . . .      SeeInvis .   b - +0 quarterstaff (freeze)
rCold   . . .      Faith    .   (shield currently unavailable)
rNeg    . . .      Spirit   .   z - +2 robe of Glamorous Music {Fly}
rPois   .          Reflect  .   u - +2 helmet
rElec   .          Harm     .   (no cloak)
rCorr   .          Rampage  .   t - +2 pair of gloves
Will    ++...                   (no boots)
Stlth   ++........              (no amulet)
HPRegen 0.18/turn               a - ring of wizardry
MPRegen 0.22/turn               v - ring of willpower

@: flying
A: no striking features
a: Renounce Religion


You were on level 10 of the Dungeon.
You worshipped Vehumet.
Vehumet was greatly pleased with you.
You visited 1 branch of the dungeon, and saw 10 of its levels.

You collected 497 gold pieces.

Inventory:

Hand Weapons
 b - a +0 quarterstaff of freezing (weapon)
Armour
 t - a +2 pair of gloves (worn)
 u - a +2 helmet (worn)
 z - the +2 robe of Glamorous Music (worn) {Fly}
   (You took it off a centaur on level 6 of the Dungeon)

   Fly:       It grants you flight.
Jewellery
 a - a ring of wizardry (left hand)
 n - a ring of ice
 v - a ring of willpower (right hand)
Wands
 q - a wand of polymorph (8)
 s - a wand of iceblast (11)
 A - a wand of digging (6)
Scrolls
 e - a scroll of acquirement {unknown}
 f - a scroll of magic mapping {unknown}
 g - 2 scrolls of torment {unknown}
 i - a scroll of fear {unknown}
 j - 4 scrolls of amnesia {unknown}
 l - a scroll of enchant armour {unknown}
 m - 6 scrolls of teleportation
 o - 3 scrolls of noise {unknown}
 p - 2 scrolls of holy word {unknown}
 x - 2 scrolls of fog
 y - a scroll of vulnerability
Potions
 c - a potion of heal wounds
 d - a potion of magic
 h - 6 potions of curing
 k - 3 potions of might
 r - a potion of ambrosia {unknown}
 w - a potion of flight


   Skills:
 - Level 2.4 Dodging
 - Level 2.4 Stealth
 + Level 14.2 Spellcasting
 + Level 12.7 Conjurations
 + Level 9.5 Hexes
 + Level 8.0 Translocations


You had 9 spell levels left.
You knew the following spells:

 Your Spells              Type           Power      Damage    Failure   Level
a - Magic Dart            Conj           100%       1d8       0%          1
b - Searing Ray           Conj           100%       3d7       0%          2
c - Dazzling Flash        Conj/Hex       100%       N/A       1%          3
d - Fulminant Prism       Conj/Hex       34%        3d16      1%          4
e - Iskenderun's Mystic   Conj/Tloc      66%        2d14      1%          4
f - Stone Arrow           Conj/Erth      100%       3d13      1%          3
g - Inner Flame           Hex/Fire       45%        N/A       1%          3
h - Yara's Violent Unrav  Hex/Tmut       22%        3d10      1%          5
i - Airstrike             Air            9%         N/A       3%          4

Your spell library contained the following spells:

 Spells                   Type           Power      Damage    Failure   Level
 Frozen Ramparts          Ice            38%        1d5       1%          3
 Beastly Appendage        Tmut           38%        N/A       1%          1
 Foxfire                  Conj/Fire      100%       2x1d9     1%          1
 Freeze                   Ice            76%        1d9       1%          1
 Shock                    Conj/Air       100%       1d9       1%          1
 Slow                     Hex            63%        N/A       1%          2
 Wereblood                Tmut           19%        N/A       1%          2
 Confusing Touch          Hex            63%        N/A       1%          3
 Conjure Flame            Conj/Fire      52%        6-21      1%          3
 Hailstorm                Conj/Ice       52%        3d12      1%          4
 Ozocubu's Armour         Ice            19%        N/A       3%          3
 Spider Form              Tmut/Pois      9%         N/A       3%          3
 Swiftness                Air            19%        N/A       3%          3
 Metabolic Englaciation   Hex/Ice        22%        N/A       4%          5
 Simulacrum               Ice/Necr       9%         N/A       83%         6
 Chain Lightning          Conj/Air       26%        3d34      100%        9
 Fire Storm               Conj/Fire      26%        8d7       100%        9


Dungeon Overview and Level Annotations

Branches:
Dungeon (10/15)            Temple (0/1) D:5            Lair (0/6) D:9
    Orc: D:9-12

Altars:
Gozag
Hepliaklqana
Okawaru
Qazlal
Ru
Uskayaw
Vehumet
Zin

Annotations:
D:2 1 runed translucent door, Crazy Yiuf


Message History

The centaur warrior unwields a +0 war axe.
The centaur warrior wields a +0 shortbow.
The centaur warrior shoots an arrow.
The arrow closely misses you.
The searing ray hits the centaur warrior!
The centaur warrior is almost dead.
The centaur warrior shoots an arrow.
The arrow hits you.
The searing ray hits the centaur warrior!
You kill the centaur warrior!
Vehumet accepts your kill.
The centaur warrior wields a +0 shortbow.
The centaur warrior shoots an arrow.
The arrow hits you!
Your Translocations skill increases to level 8!
Unknown command.
Casting: Searing Ray (safe; 0% risk of failure)
Confirm with . or Enter, or press ? or * to list all spells.
Aiming: Fulminant Prism (safe; 1% risk of failure)
Press: ? - help, Dir - move target You conjure a prism of explosive energy!
A fulminant prism comes into view.
The centaur warrior shoots an arrow.
The arrow hits your fulminant prism!
The centaur warrior shoots an arrow.
The arrow hits your fulminant prism!
Your fulminant prism detonates feebly.
There is an open door here.
Casting: Fulminant Prism (safe; 1% risk of failure)
Confirm with . or Enter, or press ? or * to list all spells.
The centaur warrior shoots an arrow.
The arrow hits you.
* * * LOW HITPOINT WARNING * * *
Casting: Dazzling Flash (safe; 1% risk of failure)
Confirm with . or Enter, or press ? or * to list all spells.
The centaur warrior is dazzled.
The centaur warrior shoots an arrow.
The arrow hits you.
* * * LOW HITPOINT WARNING * * *
Casting: Dazzling Flash (safe; 1% risk of failure)
Confirm with . or Enter, or press ? or * to list all spells.
You erupt in a blast of force!
The mystic blast hits the centaur warrior.
The centaur warrior is moderately wounded.
The centaur warrior unwields a +0 shortbow.
The centaur warrior hits you!
You die...

#...#..# ##.##..#
#......# #...# #......#
#...# #......# #...#
#......######## ....#
#.......).c...# ....#
##...###c#.....#
....#####.......@#.....#
.................#.c.....
.........>.......#.######
...##'######.....#.#
...#.............#.#
...#.........>...#c#
###########..##### #..
............#
............#


You could see a centaur warrior (blind).

Vanquished Creatures
  Fannar (D:10)
  A centaur warrior (D:10)
  2 two-headed ogres
  A deep elf pyromancer (D:10)
  A cyclops (D:10)
  An unseen horror (D:10)
  A freezing wraith (D:9)
  2 trolls
  A hornet (D:7)
  Prince Ribbit (D:6)
  A meliai zombie (D:10)
  2 slime creatures (D:8)
  A shadow (D:8)
  3 yaks (D:10)
  3 wyverns
  A vampire mosquito (D:10)
  4 steam dragons
  An acid dragon (D:8)
  3 wargs (D:9)
  Menkaure (D:6)
  A water moccasin (D:8)
  2 hornet zombies (D:8)
  3 orc warriors
  4 black bears
  An ice beast (D:7)
  A necrophage (D:7)
  3 ogres
  3 phantoms
  7 centaurs
  2 kobold brigands
  5 bullfrogs
  A gnoll sergeant (D:7)
  3 scorpions
  A wyvern skeleton (D:5)
  A water moccasin skeleton (D:5)
  14 wights
  2 killer bees (D:8)
  2 howler monkeys
  6 centaur zombies
  A jelly (D:8)
  2 hounds
  6 orc priests
  2 bullfrog skeletons
  3 centaur skeletons
  4 gnoll shamans
  An iguana (D:5)
  Terence (D:2)
  4 orc wizards
  A statue (D:3)
  A hound zombie (D:5)
  19 gnolls
  2 howler monkey zombies (D:8)
  3 adders
  A shadow imp (D:7)
  2 white imps
  An ufetubus (D:6)
  4 dart slugs
  24 orcs
  5 ball pythons
  7 bats
  11 endoplasms
  3 giant cockroaches (D:1)
  6 goblins
  8 hobgoblins
  11 jackals
  4 kobolds (D:2)
  3 quokkas
  3 frilled lizards
  2 rats (D:1)
239 creatures vanquished.

Vanquished Creatures (others)
  25 fulminant prisms
  9 plants
34 creatures vanquished.

Grand Total: 273 creatures vanquished

Notes
Turn   | Place    | Note
-------+----------+-------------------------------------------
     0 | D:1      | siradein the Deep Elf Conjurer began the quest for the Orb.
     0 | D:1      | Reached XP level 1. HP: 10/10 MP: 6/6
   238 | D:1      | Reached XP level 2. HP: 15/15 MP: 3/8
   241 | D:1      | Learned a level 2 spell: Searing Ray
   778 | D:1      | Reached skill level 4 in Spellcasting
   784 | D:1      | Reached skill level 5 in Conjurations
   963 | D:1      | Reached XP level 3. HP: 19/19 MP: 8/10
  1815 | D:2      | Reached XP level 4. HP: 24/24 MP: 10/12
  1892 | D:2      | Noticed Terence
  1896 | D:2      | Killed Terence
  1968 | D:2      | Found a runed translucent door.
  1969 | D:2      | Noticed Crazy Yiuf
  2015 | D:2      | Found a faded altar of an unknown god.
  2337 | D:3      | Reached skill level 5 in Spellcasting
  2420 | D:3      | Noticed an ogre
  2432 | D:3      | Killed an ogre
  2433 | D:3      | Reached XP level 5. HP: 28/28 MP: 8/15
  2700 | D:3      | Reached skill level 6 in Spellcasting
  2875 | D:3      | Found a radiant altar of Vehumet.
  2875 | D:3      | Noticed a charred statue
  2883 | D:3      | Killed a charred statue
  2891 | D:3      | Became a worshipper of Vehumet
  3104 | D:3      | Found a glowing silver altar of Zin.
  3104 | D:3      | Noticed an angel
  3273 | D:4      | Noticed a phantom
  3277 | D:4      | Killed a phantom
  3278 | D:4      | Reached XP level 6. HP: 19/32 MP: 8/17
  3758 | D:4      | Learned a level 3 spell: Dazzling Flash
  3763 | D:4      | Learned a level 4 spell: Fulminant Prism
  3768 | D:4      | Learned a level 4 spell: Iskenderun's Mystic Blast
  3790 | D:5      | Entered Level 5 of the Dungeon
  3799 | D:5      | Found a staircase to the Ecumenical Temple.
  3802 | D:5      | Reached skill level 7 in Spellcasting
  3955 | D:5      | Reached XP level 7. HP: 36/36 MP: 15/20
  4177 | D:5      | Reached skill level 8 in Spellcasting
  5019 | D:6      | Noticed Menkaure
  5022 | D:6      | Killed Menkaure
  5049 | D:6      | Reached skill level 9 in Spellcasting
  5146 | D:6      | Identified the +2 robe of Glamorous Music {Fly}
  5150 | D:6      | Reached XP level 8. HP: 37/41 MP: 18/23
  5306 | D:6      | Noticed Prince Ribbit
  5313 | D:6      | Killed Prince Ribbit
  5314 | D:6      | Reached skill level 10 in Spellcasting
  5323 | D:6      | Reached * piety under Vehumet
  5323 | D:6      | Offered knowledge of Freeze by Vehumet.
  6181 | D:7      | Reached skill level 10 in Conjurations
  6220 | D:7      | Reached skill level 11 in Spellcasting
  6296 | D:7      | Noticed a hornet
  6302 | D:7      | Killed a hornet
  6303 | D:7      | Reached XP level 9. HP: 45/45 MP: 15/26
  6383 | D:7      | Reached skill level 1 in Hexes
  6387 | D:7      | Reached skill level 1 in Translocations
  7336 | D:7      | Offered knowledge of Poisonous Vapours by Vehumet.
  7393 | D:8      | Reached ** piety under Vehumet
  7454 | D:8      | Found an iron altar of Okawaru.
  7688 | D:8      | Reached skill level 12 in Spellcasting
  8019 | D:8      | Reached skill level 5 in Hexes
  8032 | D:8      | Reached XP level 10. HP: 20/50 MP: 18/28
  8399 | D:8      | Found a hazy altar of Hepliaklqana.
  8669 | D:8      | Found a stormy altar of Qazlal.
  8863 | D:8      | Found a sacrificial altar of Ru.
  8870 | D:8      | Offered knowledge of Stone Arrow by Vehumet.
  8875 | D:8      | Learned a level 3 spell: Stone Arrow
  8879 | D:8      | Learned a level 3 spell: Inner Flame
  8912 | D:8      | Reached skill level 5 in Translocations
  9207 | D:8      | Reached *** piety under Vehumet
  9811 | D:8      | Learned a level 5 spell: Yara's Violent Unravelling
  9935 | D:9      | Noticed a two-headed ogre
  9937 | D:9      | Reached skill level 13 in Spellcasting
  9940 | D:9      | Killed a two-headed ogre
 10073 | D:9      | Found a staircase to the Lair.
 10180 | D:9      | Offered knowledge of Frozen Ramparts by Vehumet.
 10297 | D:9      | Noticed a +0 dagger
 10299 | D:9      | Noticed a +0 spear
 10300 | D:9      | Noticed a +0 short sword
 10302 | D:9      | Noticed a +0 falchion
 10302 | D:9      | Noticed a +0 falchion
 10302 | D:9      | Noticed a +0 short sword
 10303 | D:9      | Noticed a +0 spear
 10305 | D:9      | Noticed a +0 dagger
 10307 | D:9      | Found a hide-covered altar of Uskayaw.
 10971 | D:10     | Entered Level 10 of the Dungeon
 10976 | D:10     | Reached XP level 11. HP: 54/54 MP: 22/30
 11035 | D:10     | Learned a level 4 spell: Airstrike
 11099 | D:10     | Noticed Fannar
 11100 | D:10     | Noticed a two-headed ogre
 11108 | D:10     | Killed a two-headed ogre
 11108 | D:10     | Killed Fannar
 11642 | D:10     | Noticed a deep elf pyromancer
 11649 | D:10     | Killed a deep elf pyromancer
 11822 | D:10     | Reached skill level 14 in Spellcasting
 11890 | D:10     | Reached **** piety under Vehumet
 12194 | D:10     | Found an opulent altar of Gozag.
 12216 | D:10     | Noticed a centaur warrior
 12218 | D:10     | Noticed a centaur warrior
 12223 | D:10     | Killed a centaur warrior
 12229 | D:10     | Slain by a centaur warrior

Illustrated notes

Levels and vault maps discovered:
D:1:      dpeg_arrival_stone_temple_mockup, layout_loops_ring, dk_noncrumbling_4
D:2:      layout_loops_ring, basic_ecumenical_altar, uniq_crazy_yiuf_cottage,
          uniq_terence
D:3:      layout_basic, vehumet_statue, zin_angel, serial_glass,
          glass_columns_b, glass_columns_a
D:4:      layout_rooms
D:5:      layout_basic, temple_green
D:6:      layout_rooms, kennysheep_nub, minmay_misc_feat_rugged,
          uniq_prince_ribbit1, uniq_eustachio, uniq_menkaure
D:7:      layout_basic
D:8:      nzn_winding_woodlands_stair_cross [nzn_winding_woodlands_5x15_pool,
          nzn_winding_woodlands_center_pierced_h,
          nzn_winding_woodlands_5x15_zeroes,
          nzn_winding_woodlands_5x5_perimeter,
          nzn_winding_woodlands_5x5_checkerboard,
          nzn_winding_woodlands_5x15_sidewinder,
          nzn_winding_woodlands_center_garden,
          nzn_winding_woodlands_5x15_default], layout_cave_pools,
          nicolae_ru_sacrificial_ziggurat, general_overflow_altar,
          mainiacjoe_overflow_concentric_impassable, old_standard_altar
D:9:      layout_roguey, nicolae_uskayaw_en_pointe, erik_lair_orcish_takeover
D:10:     cheibrodos_fzero, layout_irregular_city, grunt_gozag_breadcrumbs,
          david_orc_4, uniq_fannar

Skill      XL: |  1  2  3  4  5  6  7  8  9 10 11 |
---------------+----------------------------------+-----
Spellcasting   | 4 5 6 7 9 11 12 13 14 | 14.2
Conjurations   | 5 6 7 8 10 11 12 | 12.7
Hexes          | 5 7 9 |  9.5
Translocations | 4 6 8 |  8.0
Dodging        | |  2.4
Stealth        | |  2.4

Action                   |  1- 3 |  4- 6 |  7- 9 | 10-12 || total
-------------------------+-------+-------+-------+-------++-------
 Cast: Magic Dart        |    70 |    66 |    76 |    50 ||   262
       Searing Ray       |     5 |    12 |    47 |    46 ||   110
       Iskenderun's Myst |       |       |     9 |    43 ||    52
       Fulminant Prism   |       |       |    11 |    15 ||    26
       Inner Flame       |       |       |       |    30 ||    30
       Yara's Violent Un |       |       |       |     2 ||     2
       Dazzling Flash    |       |       |       |     2 ||     2
  Use: Scroll            |       |       |       |     9 ||     9
Armor: Robe              |     1 |       |     4 |    17 ||    22
Dodge: Dodged            |     1 |     6 |    20 |    18 ||    45

Table legend: (Time is in decaauts)
 A = Elapsed time spent in this place.
 B = Non-inter-level travel time spent in this place.
 C = Inter-level travel time spent in this place.
 D = Time resting spent in this place.
 E = Time spent auto-exploring this place.
 F = Levels seen in this place.
 G = Mean time per level.
                   A        B        C        D        E       F      G
               +--------+--------+--------+--------+--------+-----+--------+
         Total |  12234 |  11917 |    317 |    528 |  10109 |  10 | 1223.4 |
       Dungeon |  12234 |  11917 |    317 |    528 |  10109 |  10 | 1223.4 |
               +--------+--------+--------+--------+--------+-----+--------+

Top non-repeatable levels by time:
     D:8: 2453 daAuts
     D:7: 1583 daAuts
     D:9: 1265 daAuts
     D:5: 1204 daAuts
     D:2: 1170 daAuts
    D:10: 1130 daAuts
     D:1: 1042 daAuts
     D:3: 934 daAuts
     D:6: 809 daAuts
     D:4: 640 daAuts
